 Dungeon Crawl Stone Soup version 0.23.2-1-ga50397a (webtiles) character file.

Game seed: 2074477596806780557

1107 teukkam the Skirmisher (level 8, 0/70 HPs)
             Began as a Minotaur Fighter on May 22, 2019.
             Was a Believer of Vehumet.
             Slain by Grum
             ... wielding a +0 spear
              (6 damage)
             ... on level 6 of the Dungeon.
             The game lasted 00:16:42 (4783 turns).

teukkam the Skirmisher (Minotaur Fighter)           Turns: 4783, Time: 00:16:43

Health: 0/70       AC:  5    Str: 24    XL:     8   Next: 11%
Magic:  10/10      EV: 11    Int:  8    God:    Vehumet [**....]
Gold:   319        SH:  0    Dex:  9    Spells: 9/11 levels left

rFire    . . .     SeeInvis .   a - +2 quarterstaff (chaos)
rCold    . . .     Gourm    .   (shield currently unavailable)
rNeg     . . .     Faith    .   d - +0 leather armour
rPois    .         Spirit   .   (helmet restricted)
rElec    .         Reflect  .   v - +0 cloak
rCorr    +         Harm     .   G - +0 pair of gloves
MR       .....                  (no boots)
Stlth    +.........             j - amulet of the acrobat
HPRegen  0.21/turn              K - ring of resist corrosion
MPRegen  0.12/turn              I - +3 ring of intelligence

@: no status effects
A: retaliatory headbutt, horns 2
a: Renounce Religion


You were on level 6 of the Dungeon.
You worshipped Vehumet.
Vehumet was pleased with you.
You were not hungry.

You visited 1 branch of the dungeon, and saw 6 of its levels.

You collected 319 gold pieces.

Inventory:

Hand Weapons
 a - a +2 quarterstaff of chaos (weapon)
 b - a +0 hunting sling
 u - a +1 war axe
 w - a +0 blowgun
 y - a +2 dagger of chaos
Missiles
 m - 47 poisoned needles
 n - 24 sling bullets
 A - a throwing net (quivered)
Armour
 c - a +0 shield
 d - a +0 leather armour (worn)
 p - the +1 chain mail "Maqoc" {rCorr Stlth+}
   (You found it on level 6 of the Dungeon)

   It provides partial protection from all sources of acid and corrosion.
   It makes you more stealthy.
 v - a +0 cloak (worn)
 G - a +0 pair of gloves (worn)
Jewellery
 j - an amulet of the acrobat (around neck)
 I - a +3 ring of intelligence (right hand)
 K - a ring of resist corrosion (left hand)
Wands
 x - a wand of random effects (19)
 D - a wand of acid (8)
Scrolls
 e - 2 scrolls of immolation {unknown}
 g - 3 scrolls of enchant weapon
 h - 9 scrolls of identify
 i - a scroll of fear
 k - 2 scrolls of blinking {unknown}
 l - a scroll of enchant armour {unknown}
 r - a scroll of magic mapping {unknown}
 z - a scroll of noise {unknown}
 C - 4 scrolls of teleportation {unknown}
 F - a scroll of amnesia
 J - a scroll of random uselessness {unknown}
Potions
 o - a potion of haste
 q - 2 potions of degeneration {unknown}
 s - a potion of agility {unknown}
 t - 3 potions of mutation {unknown}
 B - a potion of flight {unknown}
 E - a potion of invisibility
 H - a potion of heal wounds {unknown}
 L - a potion of curing
Comestibles
 f - 11 rations


   Skills:
 + Level 6.2 Fighting
 - Level 0.5 Short Blades
 - Level 3.2 Axes
 + Level 4.0 Staves
 + Level 4.1 Slings
 - Level 4.2 Armour
 - Level 4.2 Shields
 + Level 2.4 Spellcasting
 + Level 2.6 Conjurations
 - Level 0.4 Poison Magic


You had 9 spell levels left.
You knew the following spells:

 Your Spells              Type           Power        Failure   Level  Hunger
a - Sting                 Conj/Pois      #...         21%         1    ##.....
b - Magic Dart            Conj           #...         13%         1    ##.....
Your spell library was empty.

Dungeon Overview and Level Annotations

Branches:
Dungeon (6/15)
 Temple: D:4-7

Altars:
Cheibriados
Dithmenos
Elyvilon
Fedhas
Gozag
Makhleb
Vehumet
Xom

Shops:
D:5 (

Annotations:
D:6 Grum


Innate Abilities, Weirdness & Mutations

You reflexively headbutt those who attack you in melee.
You have a pair of horns on your head.


Message History

Your Staves skill increases to level 4!
The hound misses you. Something hits you. The hound closely misses you.
You furiously retaliate!
You headbutt the hound! You barely miss the hound.
You headbutt the hound, but do no damage.
The hound is severely wounded.
The hound completely misses you. You furiously retaliate!
You headbutt the hound.
You kill the hound!
Vehumet accepts your kill. Something hits you! Something hits you.
You see here a hound corpse.
You hit something. You freeze something. Something hits you.
You barely miss something. You headbutt something. Something hits you!
* * * LOW HITPOINT WARNING * * *
You barely miss something. Something hits you!
* * * LOW HITPOINT WARNING * * *
You closely miss something. Your headbutt misses something. Something hits you.
You die...

.... .... .##.. . .... ...
.... #. .... ... #... #.#
..... #.. #..# #..... ##..
#...###.... #
#..#####$.......
..#.##....##.....{# #
......<.$..#....@# .##
...#.......#.....## #..#
#..............## #...#
#...##...........##....#
#..##..................#
.... #..##..##..#.......#
....###............#######
....##...........####
....................#


There were no monsters in sight!

Vanquished Creatures
  Eustachio (D:4)
  A phantom (D:5)
  A wyvern zombie (D:6)
  2 scorpions
  5 crimson imps
  A jelly (D:4)
  6 hounds
  A bullfrog skeleton (D:5)
  Crazy Yiuf (D:2)
  5 worker ants
  7 adders
  2 shadow imps
  An ooze (D:2)
  An adder skeleton (D:4)
  3 worms
  A dart slug (D:5)
  2 leopard geckos
  6 orcs
  6 giant cockroaches
  10 goblins
  4 hobgoblins
  6 jackals
  10 kobolds
  A ball python (D:2)
  2 bats
  2 frilled lizards
  A quokka skeleton (D:5)
  13 rats
102 creatures vanquished.

Notes
Turn   | Place    | Note
-------+----------+-------------------------------------------
     0 | D:1      | teukkam the Minotaur Fighter began the quest for the Orb.
     0 | D:1      | Reached XP level 1. HP: 19/19 MP: 0/0
   111 | D:1      | Reached XP level 2. HP: 21/27 MP: 1/1
   315 | D:3      | Reached skill level 4 in Fighting
   337 | D:3      | Found a faded altar of an unknown god.
   359 | D:3      | Reached XP level 3. HP: 29/33 MP: 2/2
   365 | D:3      | Became a worshipper of Vehumet
   365 | D:3      | Reached * piety under Vehumet
   365 | D:3      | Offered knowledge of Sting by Vehumet.
   869 | D:2      | Found an opulent altar of Gozag.
  1023 | D:2      | Found a runed translucent door.
  1026 | D:2      | Learned a level 1 spell: Sting
  1036 | D:2      | Noticed Crazy Yiuf
  1086 | D:2      | Reached XP level 4. HP: 40/40 MP: 3/3
  1345 | D:2      | Reached skill level 1 in Slings
  1364 | D:2      | Found a shadowy altar of Dithmenos.
  1780 | D:2      | Killed Crazy Yiuf
  2040 | D:3      | Reached ** piety under Vehumet
  2040 | D:3      | Offered knowledge of Magic Dart by Vehumet.
  2044 | D:3      | Learned a level 1 spell: Magic Dart
  2250 | D:3      | Found a blossoming altar of Fedhas.
  2508 | D:4      | Reached XP level 5. HP: 46/47 MP: 3/5
  2604 | D:4      | Reached skill level 1 in Staves
  2604 | D:4      | Reached skill level 1 in Spellcasting
  2604 | D:4      | Reached skill level 1 in Conjurations
  2671 | D:4      | Found a burning altar of Makhleb.
  2671 | D:4      | Found a shimmering altar of Xom.
  2920 | D:4      | Reached XP level 6. HP: 49/55 MP: 6/6
  2955 | D:4      | Reached skill level 5 in Fighting
  2989 | D:4      | Found a white marble altar of Elyvilon.
  2991 | D:4      | Noticed Eustachio
  3007 | D:4      | Killed Eustachio
  3591 | D:4      | Reached XP level 7. HP: 61/61 MP: 8/8
  3838 | D:5      | Entered Level 5 of the Dungeon
  3899 | D:5      | Found a snail-covered altar of Cheibriados.
  4037 | D:5      | Found Nunn's Weapon Shop.
  4236 | D:5      | Reached skill level 6 in Fighting
  4321 | D:5      | Offered knowledge of Dazzling Spray by Vehumet.
  4358 | D:6      | Reached XP level 8. HP: 18/70 MP: 10/10
  4633 | D:6      | Got a polished chain mail
  4668 | D:5      | Identified the +1 chain mail "Maqoc" {rCorr Stlth+} (You
                  | found it on level 6 of the Dungeon)
  4773 | D:6      | Noticed Grum
  4783 | D:6      | Slain by Grum

Skill      XL: |  1  2  3  4  5  6  7  8 |
---------------+-------------------------+-----
Fighting       | 4 5 6 |  6.2
Shields        | 4 |  4.2
Armour         | 4 |  4.2
Axes           | 3 |  3.2
Slings         | 1 2 4 |  4.1
Staves         | 1 2 3 4 |  4.0
Spellcasting   | 1 2 |  2.4
Conjurations   | 1 2 |  2.6
Short Blades   | |  0.5
Poison Magic   | |  0.4

Action                   |  1- 3 |  4- 6 |  7- 9 || total
-------------------------+-------+-------+-------++-------
Melee: War axe           |    83 |    31 |       ||   114
       Headbutt          |     9 |    14 |    12 ||    35
       Quarterstaff      |       |    48 |    69 ||   117
       Dagger            |       |    12 |       ||    12
 Fire: Hunting sling     |     6 |    11 |     8 ||    25
Throw: Throwing net      |       |       |     1 ||     1
 Cast: Sting             |       |       |     4 ||     4
  Use: Scroll            |     5 |       |       ||     5
       Potion            |     1 |     1 |       ||     2
  Eat: Chunk             |     1 |     3 |     5 ||     9
       Ration            |       |     1 |       ||     1
Armor: Scale mail        |    36 |    40 |    26 ||   102
       Leather armour    |       |       |     3 ||     3
Dodge: Dodged            |    35 |    60 |    33 ||   128
Block: Shield            |    60 |    19 |       ||    79
